 Dungeon Crawl Stone Soup version 0.16-a0-3325-g64f94fb (webtiles) character file.

205 Kemay the Insei (level 5, -1/33 HPs)
             Began as an Octopode Transmuter on Dec 27, 2014.
             Slain by an orc
             ... wielding a +0 flail
              (5 damage)
             ... on level 3 of the Dungeon.
             The game lasted 00:07:32 (3174 turns).

Kemay the Insei (Octopode Transmuter)               Turns: 3174, Time: 00:07:32

Health: -1/33      AC:  1    Str: 10    XL:     5   Next: 83%
Magic:  11/11      EV: 12    Int: 16    God:
Gold:   188        SH:  0    Dex: 12    Spells: 2 memorised, 5 levels left

rFire  . . .     SeeInvis .     c - +2 short sword (venom)
rCold  . . .     Clarity  .     (no shield)
rNeg   . . .     SustAb   .     (helmet restricted)
rPois  .         Gourm    .     (no amulet)
rElec  .         Spirit   .     q - ring of teleport control
rCorr  .         Warding  .     (no ring)
rMut   .         Stasis   .     (no ring)
MR     .....                    (no ring)
Stlth  ++........               (no ring)
                                (no ring)
                                (no ring)
                                (no ring)

@: not resistant to hostile enchantments, unstealthy
A: almost no armour, amphibious, 8 rings, constrict 8, camouflage 1, gelatinous
body 1
a: Evoke Teleport Control


You were on level 3 of the Dungeon.
You were not hungry.

You visited 1 branch of the dungeon, and saw 3 of its levels.

You collected 188 gold pieces.

Inventory:

Hand weapons
 c - a +2 short sword of venom (weapon)
 k - a +2 short sword of protection
Missiles
 e - 8 poisoned needles
 g - 2 needles of paralysis
Armour
 n - a +0 shield
Jewellery
 q - a ring of teleport control (left tentacle)
Magical devices
 r - a wand of slowing (2)
Scrolls
 l - a scroll of teleportation
Potions
 f - a potion of haste {unknown}
 i - a potion of flight {unknown}
 j - a potion of curing
 o - a potion of invisibility {unknown}
 p - 2 potions of might {unknown}
 s - a potion of degeneration {unknown}
 t - a potion of cure mutation {unknown}
Books
 d - a book of Changes

   Spells                             Type                      Level
   a - Beastly Appendage              Transmutation                1
   b - Sticks to Snakes               Transmutation                2
   c - Spider Form                    Transmutation/Poison         3
   d - Ice Form                       Ice/Transmutation            4
   e - Blade Hands                    Transmutation                5
Comestibles
 a - a bread ration
 b - 2 beef jerkies
 h - a slice of pizza
 m - a royal jelly


   Skills:
 - Level 1.0 Fighting
 + Level 2.1 Dodging
 * Level 4.5 Unarmed Combat
 - Level 3.0 Spellcasting
 + Level 3.8 Transmutations


You had 5 spell levels left.
You knew the following spells:

 Your Spells              Type           Power        Failure   Level  Hunger
a - Beastly Appendage     Trmt           ##....       4%          1    #......
b - Ice Form              Ice/Trmt       #.......     85%         4    #####..


Dungeon Overview and Level Annotations

Branches:
Dungeon (3/15)

Altars:
Makhleb


Innate Abilities, Weirdness & Mutations

You cannot wear most types of armour.
You are amphibious.
You can wear up to eight rings at the same time.
You can use your tentacles to constrict many enemies at once.
Your skin changes colour to match your surroundings (Stealth).
Your rubbery body absorbs attacks (AC +1).


Message History

The orc wizard hits you with a dagger of holy wrath.
You hit the orc wizard but do no damage.
The orc wizard is poisoned.
The orc wizard is moderately wounded.
You constrict the orc wizard. The orc hits you with a flail!
The orc wizard hits you with a dagger of holy wrath.
You hit the orc wizard.
The orc wizard looks even sicker.
The orc wizard is heavily wounded.
You constrict the orc wizard. The orc barely misses you.
The orc wizard hits you with a dagger of holy wrath.
You hit the orc wizard but do no damage.
You squeeze the orc wizard.
You kill the orc wizard!
The orc completely misses you.
You hit the orc.
The orc is poisoned.
You grab the orc.
The orc is moderately wounded.
You constrict the orc. The orc hits you with a mace.
* * * LOW HITPOINT WARNING * * *
The orc hits you with a flail.
You die...

. ..#############.#
.........@o.....#
..........#o......#
........<########.
..............#
....##.....#.#####
........#..........
....#...#.....#####
....##......###
.............## ##.


You could see 2 orcs.

Vanquished Creatures
  An orc wizard (D:3)
  Natasha (thrice) (D:3)
  8 adders
  3 giant geckos (D:1)
  An orc (D:3)
  7 goblins
  11 hobgoblins
  2 jackals (D:2)
  9 kobolds
  7 bats
  3 giant cockroaches
  A giant newt (D:2)
  8 rats
  A fungus (D:1)
65 creatures vanquished.

Notes
Turn   | Place    | Note
--------------------------------------------------------------
     0 | D:1      | Kemay, the Octopode Transmuter, began the quest for the Orb.
     0 | D:1      | Reached XP level 1. HP: 13/13 MP: 3/3
   273 | D:1      | Reached XP level 2. HP: 18/18 MP: 4/4
  1266 | D:1      | Reached XP level 3. HP: 23/23 MP: 4/6
  1523 | D:2      | Found a burning altar of Makhleb.
  1757 | D:2      | Reached XP level 4. HP: 28/28 MP: 8/8
  2355 | D:2      | Reached skill level 4 in Unarmed Combat
  2355 | D:2      | Reached XP level 5. HP: 27/33 MP: 8/10
  2361 | D:2      | Learned a level 4 spell: Ice Form
  2877 | D:3      | Noticed Natasha
  2886 | D:3      | Killed Natasha
  2902 | D:3      | Noticed Natasha
  2904 | D:3      | Killed Natasha
  2914 | D:3      | Noticed Natasha
  2919 | D:3      | Killed Natasha
  3174 | D:3      | Slain by an orc

Action                   |  1- 3 |  4- 6 || total
-------------------------+-------+-------++-------
Melee: Unarmed           |    46 |       ||    46
       Short sword       |    34 |    79 ||   113
 Cast: Beastly Appendage |     4 |     7 ||    11
 Abil: End Transformatio |       |     1 ||     1
  Use: Scroll            |     2 |     1 ||     3
       Potion            |     1 |       ||     1
 Stab: Sleeping          |     2 |     3 ||     5
  Eat: Chunk             |     3 |     4 ||     7
